 Dungeon Crawl Stone Soup version 0.29.0-4-gdea44cf6ec (webtiles) character file.

Game seed: 15794050918600898758

15 qw the Sneak (level 2, -2/19 HPs)
             Began as a Gargoyle Delver on Sept 10, 2022.
             Slain by an iguana (9 damage)
             ... on level 4 of the Dungeon.
             The game lasted 00:00:08 (566 turns).

qw the Sneak (Gargoyle Delver)                       Turns: 566, Time: 00:00:08

Health: -2/19      AC:  5    Str: 15    XL:     2   Next: 50%
Magic:  2/2        EV: 11    Int: 10    God:
Gold:   31         SH:  0    Dex: 11    Spells: 1/1 levels left

rFire   . . .      SeeInvis .   Y - +0 hand axe
rCold   . . .      Faith    .   (no shield)
rNeg    + . .      Spirit   .   b - +0 leather armour
rPois   inf        Reflect  .   (no helmet)
rElec   +          Harm     .   (no cloak)
rCorr   .          Rampage  .   (no gloves)
Will    +....                   (no boots)
Stlth   +++.......              (no amulet)
HPRegen 0.06/turn               d - ring of willpower
MPRegen 0.08/turn               (no ring)

@: no status effects
A: sickness immunity, AC +2, negative energy resistance 1, electricity
resistance, torment resistance 1, petrification resistance
a: no special abilities


You were on level 4 of the Dungeon.
You visited 1 branch of the dungeon, and saw 2 of its levels.

You collected 31 gold pieces.


Innate Abilities, Weirdness & Mutations

You are immune to sickness and miasma.
Your stone body is resilient. (AC +2)
You are immune to poison.
You resist negative energy. (rN+)
You are resistant to electric shocks. (rElec)
You are resistant to unholy torment.
You are immune to petrification.


   Skills:
 - Level 3.2 Fighting
 + Level 2.7 Axes
 - Level 1.5 Dodging
 - Level 5.4 Stealth


You had one spell level left.
You didn't know any spells.
Your spell library was empty.

Inventory:

Hand Weapons
 i - a +0 club
 Y - a +0 hand axe (weapon)
Missiles
 c - a javelin (quivered)
Armour
 b - a +0 leather armour (worn)
Jewellery
 d - a ring of willpower (left hand)
Wands
 g - a wand of digging (3)
Scrolls
 a - a scroll of teleportation
Potions
 f - 2 potions of haste
 h - a potion of degeneration {unknown}

Dungeon Overview and Level Annotations

Branches:
Dungeon (5/15)
 Temple: D:4-7

Altars:


Message History

You throw a javelin.
The javelin pierces through the endoplasm.
The endoplasm is severely wounded.
Throw: 3 javelins
Press: ? - help, Q - select action Shift-Dir - straight line, f/p - endoplasm You throw a javelin.
The javelin pierces through the endoplasm!
You kill the endoplasm!
c - 3 javelins (gained 1)
Found 5 stones.
Enter note:
Found a stone staircase leading up.
Enter note:
Enter note:
Enter note:
556 ||| UPGRADING to ring of willpower.
d - a ring of willpower (left hand)
557 ||| READING 2 scrolls labelled KUUSHR YRI VEV.
As you read the scroll labelled KUUSHR YRI VEV, it crumbles to dust.
You feel strangely unstable.
It was a scroll of teleportation.
You start waiting.
Your surroundings suddenly seem different.
An iguana comes into view.
The iguana hisses angrily.
Throw: 3 javelins
Press: ? - help, Q - select action Shift-Dir - straight line, f - iguana You throw a javelin.
The javelin closely misses the iguana.
The iguana hisses menacingly.
Throw: 2 javelins
Press: ? - help, Q - select action Shift-Dir - straight line, f/p - iguana You throw a javelin.
The javelin pierces through the iguana.
The iguana is heavily wounded.
You hit the iguana but do no damage.
The iguana is heavily wounded.
The iguana bites you!
Ouch! That really hurt!
You closely miss the iguana.
The iguana is heavily wounded.
The iguana closely misses you. The iguana bites you!
You die...

#....(
#......
.......
.......
##.......
#........
#.l......
#@.......
#........
###......
##....
##.


You could see an iguana.

Vanquished Creatures
  An adder (D:4)
  2 endoplasms (D:4)
  A goblin (D:4)
  3 ball pythons (D:4)
7 creatures vanquished.

Notes
Turn   | Place    | Note
-------+----------+-------------------------------------------
     0 | D:5      | qw the Gargoyle Delver began the quest for the Orb.
     0 | D:5      | Reached XP level 1. HP: 14/14 MP: 1/1
     0 | D:5      | 0 ||| qw: Version: 0.1-a-116-g5d60599
     0 | D:5      | 0 ||| qw: Game counter: 8812
     0 | D:5      | 0 ||| qw: Always use a shield: true
     0 | D:5      | 0 ||| qw: God list: Okawaru
     0 | D:5      | 0 ||| qw: Allow faded altars: false
     0 | D:5      | 0 ||| qw: Do Orc after D:15 true
     0 | D:5      | 0 ||| qw: Do second Lair branch before Depths: true
     0 | D:5      | 0 ||| qw: Lair rune preference: random
     0 | D:5      | 0 ||| qw: Plans: Normal
     0 | D:5      | 0 ||| PLANNING D:1-11
   191 | D:5      | 191 ||| DROPPING scroll of fog.
   192 | D:5      | 192 ||| DROPPING scroll of magic mapping.
   193 | D:5      | 193 ||| DROPPING scroll of fear.
   234 | D:4      | Reached XP level 2. HP: 14/19 MP: 2/2
   556 | D:4      | 556 ||| UPGRADING to ring of willpower.
   557 | D:4      | 557 ||| READING 2 scrolls labelled KUUSHR YRI VEV.
   566 | D:4      | Slain by an iguana

Levels and vault maps discovered:
D:4:      layout_cave_pods, minivault_4
D:5:      layout_loops_corners

Skill      XL: |  1 |
---------------+----+-----
Axes           | 2 |  2.7
Fighting       | |  3.2
Dodging        | |  1.5
Stealth        | |  5.4

Action                   || total
-------------------------++-------
Melee: Hand axe          ||    13
Throw: Javelin           ||    10
  Use: Scroll            ||     1
 Stab: Sleeping          ||     1
Armor: Leather armour    ||     4
Dodge: Dodged            ||     6

Table legend:
 A = Non-vault XP
 B = Vault XP
 C = Vault XP percentage of total XP
 D = Non-vault monster count
 E = Vault monster count
 F = Vault count percentage of total count
                 A         B        C        D         E       F
            +---------+---------+-------+---------+---------+-------
      Total |      22 |       0 |   0.0 |       7 |       0 |   0.0
            +---------+---------+-------+---------+---------+-------
        D:4 |      22 |       0 |   0.0 |       7 |       0 |   0.0
            +---------+---------+-------+---------+---------+-------
